 Dungeon Crawl Stone Soup version 0.30-a0-137-gd8773701ce (webtiles) character file.

Game seed: 13446708469301222813

54 jlumianski the Chopper (level 3, -1/22 HPs)
             Began as a Gargoyle Gladiator on Sept 21, 2022.
             Killed from afar by Natasha (2 damage)
             ... with a magic dart
             ... on level 2 of the Dungeon.
             The game lasted 00:04:58 (1470 turns).

jlumianski the Chopper (Gargoyle Gladiator)         Turns: 1470, Time: 00:05:01

Health: -1/22      AC: 14    Str: 19    XL:     3   Next: 91%
Magic:  3/3        EV:  6    Int:  8    God:
Gold:   74         SH:  0    Dex: 11    Spells: 2/2 levels left

rFire   + . .      SeeInvis .    a - +0 war axe
rCold   . . .      Faith    .    (no shield)
rNeg    + . .      Spirit   .    i - +0 plate armour
rPois   ∞          Reflect  .    c - +0 helmet
rElec   +          Harm     .    (no cloak)
rCorr   .          Rampage  .    (no gloves)
Will    .....                    (no boots)
Stlth   ..........               (no amulet)
HPRegen 0.07/turn                p - ring of protection from fire
MPRegen 0.08/turn                (no ring)

@: no status effects
A: sickness immunity, AC +3, negative energy resistance 1, electricity
resistance, torment resistance 1, petrification resistance
a: no special abilities


You were on level 2 of the Dungeon.
You visited 1 branch of the dungeon, and saw 3 of its levels.

You collected 74 gold pieces.

Inventory:

Hand Weapons
 a - a +0 war axe (weapon)
 h - a +0 sling
 r - a +0 whip of holy wrath
Missiles
 d - 3 throwing nets
 e - a javelin
 l - 5 poisoned darts (quivered)
Armour
 b - a +0 leather armour
 c - a +0 helmet (worn)
 i - a +0 plate armour (worn)
Jewellery
 m - an amulet of faith
 p - a ring of protection from fire (left hand)
Scrolls
 f - 3 scrolls of poison
 k - a scroll of noise {unknown}
Potions
 g - a potion of degeneration {unknown}
 j - a potion of curing {unknown}
 n - 3 potions of flight {unknown}
 o - a potion of magic {unknown}
 q - a potion of haste {unknown}
 s - a potion of heal wounds {unknown}


   Skills:
 + Level 2.5 Fighting
 + Level 3.4 Axes
 + Level 1.8 Throwing
 + Level 1.0 Armour
 + Level 2.9 Dodging


You had 2 spell levels left.
You didn't know any spells.
Your spell library was empty.

Dungeon Overview and Level Annotations

Branches:
Dungeon (3/15)

Altars:

Annotations:
D:2 Natasha


Innate Abilities, Weirdness & Mutations

You are immune to sickness and miasma.
Your stone body is resilient. (AC +3)
You are immune to poison.
You resist negative energy. (rN+)
You are resistant to electric shocks. (rElec)
You are resistant to unholy torment.
You are immune to petrification.


Message History

The kobold is heavily wounded.
The kobold hits you but does no damage.
You hit the kobold.
You kill the kobold!
You barely miss something. Something claws you but does no damage.
Found 2 smoky pink potions.
You hear some strange, mumbled words.
A magic dart appears from out of thin air!
The magic dart hits you but does no damage.
Things that are here:
a +0 short sword; a stone Something claws you but does no damage.
A rat comes into view.
You hear some strange, mumbled words.
A magic dart appears from out of thin air!
The magic dart hits you. Something claws you but does no damage.
Something claws you.
You hear some strange, mumbled words.
Something tries to affect you, but you resist.
You hear some strange, mumbled words.
Something tries to affect you, but you resist.
You see here 2 smoky pink potions.
A magic dart appears from out of thin air!
The magic dart hits you.
The crimson imp blinks!
The crimson imp shouts, "Flee, thou pandering half-faced maggot-pie!"
Found a sling.
You hear some strange, mumbled words.
A magic dart appears from out of thin air!
The magic dart hits you.
The crimson imp grinds its teeth.
You miss something. Something claws you but does no damage.
You closely miss something. Something claws you.
* * * LOW HITPOINT WARNING * * *
The crimson imp shouts, "Slither away, thou plume-plucked ill-breeding hedge-pig!"
You hear some strange, mumbled words.
A magic dart appears from out of thin air!
The magic dart hits you.
You die...

... ## #.. ...
#.##... #.#...
#....
..########
###########.#
...#.....#
#r5{@.......)
...#.....#
#.###########
.).......# #.#
#........# #.#
#.....#######5#
........!r...r#
#.....#########
#.....# #.....#


You could see a crimson imp (summoned) and a rat.

Vanquished Creatures
  Natasha (D:2)
  A dart slug (D:2)
  A ball python (D:2)
  2 endoplasms (D:1)
  4 goblins (D:1)
  3 jackals (D:1)
  4 kobolds (D:2)
  2 quokkas
  2 bats (D:1)
  7 rats
  2 bushes (D:1)
29 creatures vanquished.

Vanquished Creatures (others)
  3 plants (D:1)
3 creatures vanquished.

Grand Total: 32 creatures vanquished

Notes
Turn   | Place    | Note
-------+----------+-------------------------------------------
     0 | D:1      | jlumianski the Gargoyle Gladiator began the quest for the
                  | Orb.
     0 | D:1      | Reached XP level 1. HP: 12/12 MP: 1/1
   433 | D:1      | Reached XP level 2. HP: 17/17 MP: 2/2
   544 | D:1      | Found a faded altar of an unknown god.
   775 | D:1      | Reached skill level 3 in Axes
  1198 | D:2      | Noticed Natasha
  1207 | D:2      | Killed Natasha
  1208 | D:2      | Reached skill level 1 in Armour
  1208 | D:2      | Reached XP level 3. HP: 17/22 MP: 3/3
  1423 | D:2      | Noticed Natasha
  1470 | D:2      | HP: 1/22 [something (6)]
  1470 | D:2      | Killed from afar by Natasha

Illustrated notes

Levels and vault maps discovered:
D:1:      lemuel_arrival_behind_the_door_large, layout_basic, serial_forest,
          infiniplex_forest_side_room, infiniplex_forest_lined_ring,
          infiniplex_forest_clump_cross, infiniplex_forest_corner_2,
          infiniplex_forest_lined_3, hellmonk_ecumenical_altar_prayer_group
D:2:      layout_basic, uniq_natasha
D:3:      layout_loops_ring, mainiacjoe_overflow_alcove_2, grunt_ministairs_2

Skill      XL: |  1  2 |
---------------+-------+-----
Axes           | 3 |  3.4
Armour         | 1 |  1.0
Fighting       | |  2.5
Throwing       | |  1.8
Dodging        | |  2.9

Action                   || total
-------------------------++-------
Melee: War axe           ||   150
       Punch             ||     1
  Use: Scroll            ||     1
Armor: Leather armour    ||    11
       Plate armour      ||    36
Dodge: Dodged            ||    34

Table legend: (Time is in decaauts)
 A = Elapsed time spent in this place.
 B = Non-inter-level travel time spent in this place.
 C = Inter-level travel time spent in this place.
 D = Time resting spent in this place.
 E = Time spent auto-exploring this place.
 F = Levels seen in this place.
 G = Mean time per level.
                   A        B        C        D        E       F      G
               +--------+--------+--------+--------+--------+-----+--------+
         Total |   1523 |   1523 |      0 |    265 |    560 |   3 |  507.7 |
       Dungeon |   1523 |   1523 |      0 |    265 |    560 |   3 |  507.7 |
               +--------+--------+--------+--------+--------+-----+--------+

Top non-repeatable levels by time:
     D:1: 1101 daAuts
     D:2: 414 daAuts
     D:3: 7 daAuts
